 Dungeon Crawl Stone Soup version 0.20.0-15-g7f486f2 (webtiles) character file.

466 Gargoyl the Chopper (level 6, 0/55 HPs)
             Began as a Minotaur Abyssal Knight on July 1, 2017.
             Was a Priest of Lugonu.
             Slain by Tutankhamun's ghost (11 damage)
             ... on level 4 of the Dungeon.
             The game lasted 00:07:19 (3031 turns).

Gargoyl the Chopper (Minotaur Abyssal Knight)       Turns: 3031, Time: 00:07:19

Health: 0/55       AC: 12    Str: 18    XL:     6   Next: 81%
Magic:  7/7        EV:  7    Int:  9    God:    Lugonu [***...]
Gold:   270        SH:  3    Dex: 13    Spells: 5/5 levels left

rFire    . . .     SeeInvis .   a - +3 hand axe
rCold    . . .     Gourm    +   s - +0 buckler
rNeg     . . .     Faith    .   v - +0 chain mail
rPois    .         Spirit   .   (helmet restricted)
rElec    .         Reflect  .   g - +0 cloak
rCorr    .         Harm     .   d - +0 pair of gloves {Dex+3}
MR       .....                  (no boots)
Stlth    ..........             b - amulet of the gourmand
Regen    0.2/turn               (no ring)
MPRegen  0.1/turn               (no ring)

@: no status effects
A: retaliatory headbutt, horns 2
a: Depart the Abyss, Bend Space, Banish, Renounce Religion


You were on level 4 of the Dungeon.
You worshipped Lugonu.
Lugonu was most pleased with you.
You were completely stuffed.

You visited 1 branch of the dungeon, and saw 4 of its levels.
You visited the Abyss 1 time.

You collected 270 gold pieces.

Inventory:

Hand Weapons
 a - a +3 hand axe (weapon)
 u - a +0 war axe
Armour
 d - a +0 pair of gloves of dexterity (worn)
 g - a +0 cloak (worn)
 s - a +0 buckler (worn)
 v - a +0 chain mail (worn)
Jewellery
 b - an amulet of the gourmand (around neck)
 m - an uncursed ring of ice
Wands
 r - a wand of scattershot (6/9)
 w - a wand of random effects (19/48)
Scrolls
 f - 3 scrolls of magic mapping
 k - 2 scrolls of amnesia
 q - a scroll of teleportation
 x - 2 scrolls of identify
 y - 3 scrolls of remove curse
Potions
 e - a potion of curing {unknown}
 i - a potion of degeneration {unknown}
 j - a potion of magic {unknown}
 l - a potion of ambrosia {unknown}
 n - a potion of lignification {unknown}
 p - 3 potions of flight {unknown}
Comestibles
 c - 2 bread rations
 h - a meat ration
 o - a royal jelly


   Skills:
 + Level 4.9 Fighting
 + Level 5.5 Axes
 * Level 4.8 Armour
 + Level 2.6 Dodging
 + Level 0.2 Shields
 * Level 3.0 Invocations


You had 5 spell levels left.
You didn't know any spells.

Dungeon Overview and Level Annotations

Branches:
Dungeon (4/15)
 Temple: D:4-7

Altars:
Ashenzari
Cheibriados
Kikubaaqudgha

Annotations:
D:4 Tutankhamun's ghost, amateur TrMo


Innate Abilities, Weirdness & Mutations

You reflexively headbutt those who attack you in melee.
You have a pair of horns on your head.


Message History

Tutankhamun's ghost closely misses you. You furiously retaliate!
You headbutt Tutankhamun's ghost, but do no damage.
You slash Tutankhamun's ghost!
Tutankhamun's ghost is severely damaged.
Tutankhamun's ghost hits you!
You hit Tutankhamun's ghost but do no damage.
Tutankhamun's ghost is severely damaged.
Tutankhamun's ghost hits you but does no damage.
You hit Tutankhamun's ghost.
Your headbutt misses Tutankhamun's ghost.
Tutankhamun's ghost is severely damaged.
Tutankhamun's ghost hits you.
You hit Tutankhamun's ghost. You headbutt Tutankhamun's ghost!
Tutankhamun's ghost is almost destroyed.
Tutankhamun's ghost hits you!
* * * LOW HITPOINT WARNING * * *
You barely miss Tutankhamun's ghost.
Tutankhamun's ghost is almost destroyed.
Tutankhamun's ghost hits you!
You die...

........#.#######.###
.......=.............
..####..#.####.##.###
#..#.# #.##.#
###..#.# #.##.#
#......# #.##.#
#.##..## #.##.#
#W###.## #.##.# #@#
#..# #.##.# #.# ##.##
#.##.### #.# #.(#
#.##.... #)#####.#
#.######
#....##.###.#
#....##..##.#
#.....##.##.#
#....###..#.# #.####
##.#.######


You could see Tutankhamun's ghost.

Vanquished Creatures
  An ogre (D:4)
  The ghost of Alannah the Sneak, a weakling SpAs (D:3)
  3 orc wizards (D:4)
  Ijyb (D:3)
  A worker ant (D:4)
  A worker ant zombie (D:3)
  Robin (D:2)
  9 adders
  2 worms
  2 dart slugs
  3 leopard geckos
  7 orcs
  6 giant cockroaches
  25 goblins
  13 hobgoblins
  6 kobolds
  A quokka (D:2)
  A ball python (D:4)
  6 bats
  3 frilled lizards
  6 rats
99 creatures vanquished.

Notes
Turn   | Place    | Note
-------+----------+-------------------------------------------
     0 | Abyss:1  | Gargoyl the Minotaur Abyssal Knight began the quest for the Orb.
     0 | Abyss:1  | Reached XP level 1. HP: 19/19 MP: 1/1
     0 | Abyss:1  | Noticed a starcursed mass
     3 | Abyss:1  | Noticed a wretched star
     3 | Abyss:1  | Paralysed by accursed screaming for 1 turns
     4 | D:1      | Escaped the Abyss
   510 | D:1      | Reached XP level 2. HP: 27/27 MP: 2/2
   610 | D:1      | Reached * piety under Lugonu
  1125 | D:2      | Noticed Robin
  1130 | D:2      | Reached XP level 3. HP: 33/33 MP: 3/3
  1204 | D:2      | Killed Robin
  1204 | D:2      | Reached skill level 3 in Axes
  1348 | D:2      | Reached XP level 4. HP: 41/41 MP: 4/4
  1543 | D:2      | Reached ** piety under Lugonu
  1618 | D:2      | Found an ancient bone altar of Kikubaaqudgha.
  2032 | D:3      | Noticed Alannah's ghost (weakling SpAs)
  2036 | D:3      | Killed Alannah's ghost
  2036 | D:3      | Reached skill level 4 in Axes
  2036 | D:3      | Reached XP level 5. HP: 47/47 MP: 5/5
  2045 | D:3      | Noticed Ijyb
  2065 | D:3      | Killed Ijyb
  2100 | D:3      | Found a shattered altar of Ashenzari.
  2239 | D:3      | Found a snail-covered altar of Cheibriados.
  2285 | D:3      | Reached *** piety under Lugonu
  2763 | D:4      | Reached XP level 6. HP: 46/53 MP: 7/7
  2888 | D:4      | Reached skill level 5 in Axes
  3011 | D:4      | Noticed Tutankhamun's ghost (amateur TrMo)
  3031 | D:4      | Slain by Tutankhamun's ghost

Skill      XL: |  1  2  3  4  5  6 |
---------------+-------------------+-----
Invocations    | 2 3 |  3.0
Fighting       | 4 |  4.9
Armour         | 3 4 |  4.8
Axes           | 3 4 5 |  5.5
Dodging        | 2 |  2.6
Shields        | |  0.2

Action                   |  1- 3 |  4- 6 || total
-------------------------+-------+-------++-------
Melee: Hand axe          |    51 |   168 ||   219
       Headbutt          |     5 |    24 ||    29
Invok: Depart the Abyss  |     1 |       ||     1
  Use: Scroll            |     6 |     4 ||    10
  Eat: Chunk             |     1 |    22 ||    23
Armor: Ring mail         |    35 |    37 ||    72
       Leather armour    |     4 |       ||     4
       Scale mail        |       |    22 ||    22
       Chain mail        |       |    20 ||    20
Dodge: Dodged            |    38 |    71 ||   109
Block: Buckler           |       |     7 ||     7
